 Dungeon Crawl Stone Soup version 0.30-a0-141-g30f27751c5 (webtiles) character file.

Game seed: 2136324517785296497

18 qw the Shield-Bearer (level 2, 0/19 HPs)
             Began as a Gargoyle Fighter on Sept 25, 2022.
             Slain by Sigmund
             ... wielding a +0 scythe
              (4 damage)
             ... on level 2 of the Dungeon.
             The game lasted 00:00:16 (708 turns).

qw the Shield-Bearer (Gargoyle Fighter)              Turns: 708, Time: 00:00:16

Health: 0/19       AC:  9    Str: 19    XL:     2   Next: 70%
Magic:  2/2        EV: 13    Int:  8    God:
Gold:   69         SH:  4    Dex:  9    Spells: 1/1 levels left

rFire   . . .      SeeInvis .    Y - +0 war axe
rCold   . . .      Faith    .    c - +0 buckler
rNeg    + . .      Spirit   .    b - +0 scale mail
rPois   inf        Reflect  .    (no helmet)
rElec   +          Harm     .    (no cloak)
rCorr   .          Rampage  .    (no gloves)
Will    .....                    (no boots)
Stlth   ..........               (no amulet)
HPRegen 0.06/turn                g - +4 ring of evasion
MPRegen 0.08/turn                (no ring)

@: no status effects
A: sickness immunity, AC +2, negative energy resistance 1, electricity
resistance, torment resistance 1, petrification resistance
a: no special abilities


You were on level 2 of the Dungeon.
You visited 1 branch of the dungeon, and saw 2 of its levels.

You collected 69 gold pieces.


Innate Abilities, Weirdness & Mutations

You are immune to sickness and miasma.
Your stone body is resilient. (AC +2)
You are immune to poison.
You resist negative energy. (rN+)
You are resistant to electric shocks. (rElec)
You are resistant to unholy torment.
You are immune to petrification.


   Skills:
 - Level 3.2 Fighting
 + Level 2.9 Axes
 - Level 3.2 Armour
 - Level 3.2 Shields


You had one spell level left.
You didn't know any spells.
Your spell library was empty.

Inventory:

Hand Weapons
 e - a +0 whip
 Y - a +0 war axe (weapon)
Armour
 b - a +0 scale mail (worn)
 c - a +0 buckler (worn)
Jewellery
 g - a +4 ring of evasion (left hand)
Potions
 d - a potion of might
 h - a potion of haste {unknown}
 i - 2 potions of lignification {unknown}
 k - a potion of brilliance {unknown}

Dungeon Overview and Level Annotations

Branches:
Dungeon (2/15)

Altars:

Annotations:
D:2 Sigmund


Message History

You closely miss the kobold. The kobold hits you but does no damage.
A kobold comes into view. It is wielding a +0 whip.
Sigmund points at you and mumbles some strange words.
You are confused.
The kobold misses you. The kobold hits you but does no damage.
The hobgoblin completely misses you.
You see here an amethyst potion.
You hit the kobold.
The kobold is severely wounded.
You slash the hobgoblin!
You kill the hobgoblin!
The kobold hits you but does no damage.
The giant cockroach bites you but does no damage.
You miss the kobold.
The kobold is severely wounded.
You slash the giant cockroach!
You kill the giant cockroach!
The kobold hits you with a +0 club.
Sigmund hits you from afar with a +0 scythe.
The kobold throws a stone.
The stone misses you. The kobold closely misses you.
You barely miss the kobold.
The kobold is severely wounded.
You feel less confused.
Sigmund casts a spell.
Sigmund flickers and vanishes!
Deactivating autopickup; reactivate with Ctrl-A.
The kobold throws a stone.
The stone hits you but does no damage. The kobold barely misses you.
You closely miss the kobold.
The kobold is severely wounded.
Something hits you. The kobold hits you with a +0 club.
You slash the kobold!
You kill the kobold!
You hit the kobold but do no damage. The kobold hits you but does no damage.
Something hits you. You block the kobold's attack.
You barely miss the worm. You closely miss the kobold. Something hits you.
You die...

##.# ... ##.#
.........## ##.##
#.#........ ..<.#####
#.#......#
###.....####.##......
#######....#.##.....
..............#..#
.................####.##
.##########.....@K......
#. #...#.w##..#.. .
.......#<{# #
#####..#.## ......
##.)#.# .@..#.# .....#_#
.... #.#


You could see a worm and a kobold.

Vanquished Creatures
  A bat (D:1)
  An endoplasm (D:1)
  A giant cockroach (D:2)
  A hobgoblin (D:2)
  3 quokkas
  4 ball pythons
  A frilled lizard (D:1)
  A goblin (D:1)
  3 kobolds
  A rat (D:1)
17 creatures vanquished.

Notes
Turn   | Place    | Note
-------+----------+-------------------------------------------
     0 | D:1      | qw the Gargoyle Fighter began the quest for the Orb.
     0 | D:1      | Reached XP level 1. HP: 14/14 MP: 1/1
     0 | D:1      | 0 ||| qw: Version: 0.2-a-10-g399e6c4
     0 | D:1      | 0 ||| qw: Game counter: 136
     0 | D:1      | 0 ||| qw: Always use a shield: true
     0 | D:1      | 0 ||| qw: God list: Okawaru
     0 | D:1      | 0 ||| qw: Allow faded altars: false
     0 | D:1      | 0 ||| qw: Do Orc after D:15 true
     0 | D:1      | 0 ||| qw: Do second Lair branch before Depths: true
     0 | D:1      | 0 ||| qw: Lair rune preference: random
     0 | D:1      | 0 ||| qw: Plans: Normal, Zot:1-4, God:TSO, Crypt, Tomb,
                  | Pan, Slime:5, Hells, Abyss, Orb
     0 | D:1      | 0 ||| PLANNING D:1-11
    40 | D:1      | 40 ||| Stepping ~*~*~tactically~*~*~ (stealth).
   162 | D:1      | Reached XP level 2. HP: 19/19 MP: 2/2
   338 | D:1      | 338 ||| Stepping ~*~*~tactically~*~*~ (stealth).
   339 | D:1      | 339 ||| Stepping ~*~*~tactically~*~*~ (stealth).
   610 | D:1      | 610 ||| UPGRADING to +4 ring of evasion.
   611 | D:1      | 611 ||| READING scroll labelled NYLYOV AJYTTOP.
   612 | D:1      | 612 ||| READING scroll labelled CIPAMO FIULYMP.
   693 | D:2      | Found a faded altar of an unknown god.
   697 | D:2      | 697 ||| Stepping ~*~*~tactically~*~*~ (stealth).
   698 | D:2      | 698 ||| Stepping ~*~*~tactically~*~*~ (stealth).
   698 | D:2      | Noticed Sigmund
   699 | D:2      | 699 ||| Stepping ~*~*~tactically~*~*~ (hiding).
   707 | D:2      | HP: 4/19 [something (1)]
   708 | D:2      | Slain by Sigmund

Levels and vault maps discovered:
D:1:      wander_arrival_chamber, layout_rooms
D:2:      layout_basic, basic_ecumenical_altar, grunt_decor_clamped,
          chequers_garden, uniq_crazy_yiuf_cottage, uniq_sigmund

Skill      XL: |  1 |
---------------+----+-----
Axes           | 2 |  2.9
Fighting       | |  3.2
Armour         | |  3.2
Shields        | |  3.2

Action                   || total
-------------------------++-------
Melee: War axe           ||    47
  Use: Scroll            ||     2
Armor: Scale mail        ||    24
Dodge: Dodged            ||    25
Block: Buckler           ||    12

Table legend:
 A = Non-vault XP
 B = Vault XP
 C = Vault XP percentage of total XP
 D = Non-vault monster count
 E = Vault monster count
 F = Vault count percentage of total count
                 A         B        C        D         E       F
            +---------+---------+-------+---------+---------+-------
      Total |      27 |       0 |   0.0 |      17 |       0 |   0.0
            +---------+---------+-------+---------+---------+-------
        D:1 |      17 |       0 |   0.0 |      12 |       0 |   0.0
        D:2 |      10 |       0 |   0.0 |       5 |       0 |   0.0
            +---------+---------+-------+---------+---------+-------
